 Dungeon Crawl Stone Soup version 0.31-a0-632-g766dd24fdf (webtiles) character file.

Game seed: 11514964632765407507

2966 ytrimaz the Mimic (level 9, 0/59 HPs)
             Began as a Merfolk Shapeshifter on Aug 25, 2023.
             Killed from afar by a steam dragon (18 damage)
             ... with a ball of steam
             ... on level 7 of the Dungeon.
             The game lasted 00:08:12 (5401 turns).

ytrimaz the Mimic (Merfolk Shapeshifter)            Turns: 5401, Time: 00:08:12

Health: 0/59       AC:  2    Str: 17    XL:     9   Next: 82%
Magic:  9/9        EV: 16    Int:  7    God:
Gold:   349        SH:  0    Dex: 22    Spells: 8/8 levels left

rFire   . .          .
                       - Unarmed
rCold   . . .        (no shield)
rNeg    . . .        i - +0 robe of Ravvos {Regen+ Dex+5}
rPois   +            (helmet currently unavailable)
rElec   .            (cloak currently unavailable)
rCorr   .            (gloves currently unavailable)
SInv    .            (boots currently unavailable)
Will    .....        w - amulet of magic regeneration
Stlth   ++           m - ring of poison resistance
HPRegen 1.09/turn    (no ring)
MPRegen 0.51/turn

%: no passive effects
@: beast-form
A: beast (slay +4), (nimble swimmer 2), mertail
a: Begin Untransformation


You were on level 7 of the Dungeon.
You were a hulking beast.
You visited 2 branches of the dungeon, and saw 8 of its levels.
You also visited: Ossuary.

You collected 349 gold pieces.


Innate Abilities, Weirdness & Mutations

You are a hulking beast.
Your limbs bulge with bestial killing power. (Slay +4)
((You are very nimble when in or above water. (Stealth+, EV+, Speed+++)))
Your lower body shifts to a powerful aquatic tail in water.


   Skills:
 - Level 1.1 Fighting
 + Level 5.7 Dodging
 - Level 10.0 Unarmed Combat
 + Level 11.9 Shapeshifting


You had 8 spell levels left.
You didn't know any spells.
Your spell library contained the following spells:

 Spells                   Type           Power      Damage    Failure   Level
 Slow                     Hex            0%         N/A       43%         1
 Poisonous Vapours        Pois/Air       0%         N/A       56%         2
 Confusing Touch          Hex            0%         N/A       80%         3
 Mephitic Cloud           Conj/Pois/Air  0%         N/A       80%         3
 Portal Projectile        Hex/Tloc       0%         N/A       80%         3
 Tukima's Dance           Hex            0%         N/A       80%         3
 Vampiric Draining        Necr           0%         2d6       80%         3
 Iskenderun's Mystic Bla  Conj/Tloc      0%         2d3       99%         4
 Fireball                 Conj/Fire      0%         3d3       100%        5
 Freezing Cloud           Conj/Ice/Air   0%         6-21      100%        5
 Iskenderun's Battlesphe  Conj           0%         2d6       100%        5
 Conjure Ball Lightning   Conj/Air       0%         3x3d6     100%        6
 Simulacrum               Ice/Necr       0%         N/A       100%        6
 Orb of Destruction       Conj           0%         9d5       100%        7
 Ozocubu's Refrigeration  Ice            0%         4d7       100%        7
 Polar Vortex             Ice            0%         N/A       100%        9

Inventory:

Missiles
 s - a throwing net
Armour
 i - the +0 robe of Ravvos (worn) {Regen+ Dex+5}
   (You found it on level 2 of the Dungeon)

   Dex+5:     It affects your dexterity (+5).
   Regen+:    It increases your rate of health regeneration.
 t - a +0 ring mail of fire resistance
   (You found it on level 4 of the Dungeon)
Jewellery
 m - a ring of poison resistance (left hand)
   (You found it on level 4 of the Dungeon)
 w - an amulet of magic regeneration (around neck)
   (You found it on level 6 of the Dungeon)
Talismans
 c - a beast talisman (active)
 d - a flux talisman
Scrolls
 g - 2 scrolls of immolation
 h - 3 scrolls of amnesia
 k - 2 scrolls of revelation
 l - 2 scrolls of enchant weapon
 o - a scroll of fog
 p - a scroll of identify
 q - 2 scrolls of teleportation
 u - 2 scrolls of fear
Potions
 a - 4 potions of might
 b - a potion of resistance
 e - a potion of brilliance
 j - 2 potions of magic
 n - 4 potions of curing
 r - a potion of cancellation
 v - a potion of lignification

Dungeon Overview and Level Annotations

Branches:
Dungeon (7/15) Zot: 26558  Temple (1/1) D:4 Zot: 5995 Ossuary (visited)

Altars:
Ashenzari
Cheibriados
Dithmenos
Elyvilon
Fedhas
Gozag
Hepliaklqana
Kikubaaqudgha
Makhleb
Nemelex Xobeh
Ru
Trog
Uskayaw
Vehumet
Wu Jian
Yredelemnul
Zin
The Shining One

Shops:
D:1 !=*=

Annotations:
D:6 2 transporters

#.......##.......###
#.......###...####.#
#.......##.####.#...
#.......##......).#.
#..........####.#...
#.......###. ####.#
#########..<....# # ####
.............########## #...
.......$..Dh# #)......###...
....>.....#ยง###.......#....#
..[......##.ยง##.........##.#
..[ยง.....###.##........###.#
.........# #..........## #..
.........# ####[......# ###
########## #.......# #
#.......# # #.......# #


You could see a steam dragon (catching breath).


Message History

๐Ÿ˜ฎ HP[+1]
You hit the orc.
The orc completely misses you. ๐Ÿ˜ฎ HP[+1]
You pummel the orc!!
You kill the orc! ๐Ÿ˜ฎ HP[+1] Unknown command.
You pummel the orc!!
You kill the orc! ๐Ÿ˜ฎ HP[+1]
You are too injured to fight recklessly!
Things that are here:
a +0 war axe; a +0 flail; an orc corpse; ๐Ÿ˜ฎ HP[+1]
You are too injured to fight recklessly!
Key pressed, stopping explore.
Unknown command. ๐Ÿ˜Ž HP[+22]
Your hp is fully restored (59).
q - 2 scrolls of teleportation (gained 1)
Things that are here:
a +0 war axe; a +0 flail; an orc corpse
Items here: ( )) [.
You now have 349 gold pieces (gained 14).
Key pressed, stopping explore.
You see here a water moccasin corpse.
An iguana comes into view.
There is a basalt altar of Yredelemnul here.
Unknown command.
Press < or > to pray at altars.
An iguana is nearby!
An iguana is nearby!
An iguana is nearby!
An iguana is nearby!
An iguana is nearby!
The iguana hisses angrily.
You pummel the iguana!!
You kill the iguana!
No target in view!
You feel a little less mighty now.
No target in view!
Unknown command.
Key pressed, stopping explore.
You see here a +1 short sword of draining.
Found a stone staircase leading up.
Found a stone staircase leading down.
A steam dragon comes into view.
The steam dragon hisses angrily.
A steam dragon is nearby!
A steam dragon is nearby!
A steam dragon is nearby!
A steam dragon is nearby!
The steam dragon breathes steam at you.
The ball of steam hits you!! ๐Ÿ˜ฎ HP[-20]
You take 20 damage, and now have 39/59 hp.
MASSIVE DAMAGE!! (PAUSE) ๐Ÿ˜ฎ HP[+1]
You are engulfed in a cloud of scalding steam. ๐Ÿ˜ฎ HP[-5]
You take 5 damage, and now have 35/59 hp. ๐Ÿ˜ฎ HP[+1] ๐Ÿ˜ฎ HP[+1]
You start resting.
A steam dragon is nearby! ๐Ÿ˜ฎ HP[+3]
You regained 3 hp, and now have 40/59 hp. ๐Ÿ˜ฎ HP[+1]
A steam dragon is nearby!
The steam dragon closely misses you. The steam dragon claws you. ๐Ÿ˜ฎ HP[-1]
You take 1 damage, and now have 40/59 hp.
You punch the steam dragon! The steam dragon closely misses you.
The steam dragon completely misses you. ๐Ÿ˜ฎ HP[+1] Unknown command.
You barely miss the steam dragon. You punch the steam dragon.
The steam dragon bites you but does no damage.
The steam dragon barely misses you. ๐Ÿ˜ฎ HP[+1]
You punch the steam dragon! The steam dragon breathes steam at you.
The ball of steam hits you!!
* * * LOW HITPOINT WARNING * * *
Unknown command. ๐Ÿ˜จ HP[-21]
You take 21 damage, and now have 21/59 hp.
MASSIVE DAMAGE!! (PAUSE)
You hit the steam dragon.
You are engulfed in a cloud of scalding steam.
* * * LOW HITPOINT WARNING * * *
๐Ÿ˜จ HP[-5]
You take 5 damage, and now have 16/59 hp.
Unknown command.
The steam dragon completely misses you. x2 ๐Ÿ˜จ HP[+1] Unknown command.
You hit the steam dragon. The steam dragon breathes steam at you.
The ball of steam hits you!!
You die...

Skill      XL: |  1  2  3  4  5  6  7  8  9 |
---------------+----------------------------+-----
Unarmed Combat | 4 5 6 7 9 10 | 10.0
Shapeshifting  | 5 6 7 8 10 11 | 11.9
Dodging        | 5 |  5.7
Fighting       | |  1.1

Action                     |  1- 3 |  4- 6 |  7- 9 || total
---------------------------+-------+-------+-------++-------
  Melee: Unarmed           |    97 |   143 |   341 ||   581
         Punch             |     1 |     7 |    10 ||    18
    Use: Scroll            |     1 |     8 |     6 ||    15
         Potion            |       |     3 |     9 ||    12
   Stab: Sleeping          |     1 |     5 |     4 ||    10
 Armour: Animal skin       |    13 |       |       ||    13
         Robe              |     3 |    14 |    27 ||    44
         Skin              |       |    22 |    16 ||    38
  Dodge: Dodged            |    60 |    95 |   212 ||   367

Levels and vault maps discovered:
D:1:      dpeg_arrival_water_temple_mockup, layout_rooms, serial_glass,
          glass_columns_a, glass_columns_a, feat_on_display,
          due_unseen_surprise, minmay_strange_pillars, serial_shops,
          nicolae_book_shop_shelving, shop, shop, nicolae_shop_rolling_square,
          nicolae_shop_stone, shapermc_ecumenical_altar_acropolis,
          minmay_surrounded
D:2:      layout_rooms, basic_altar, minmay_tromino_v7
D:3:      layout_rooms, serial_aquarium, aquarium_bridge_long_separate
          [aquarium_subvault_bridge, aquarium_subvault_wall,
          aquarium_subvault_bridge, aquarium_subvault_bridge,
          aquarium_subvault_wall, aquarium_subvault_bridge],
          aquarium_bridge_square [aquarium_subvault_wall,
          aquarium_subvault_bridge, aquarium_subvault_window,
          aquarium_subvault_window], aquarium_window_fake, aquarium_window_fake,
          aquarium_window_corridor_3, aquarium_window_corner, aquarium_view_2c,
          aquarium_view_2c, aquarium_balcony_1b, aquarium_pool_2
D:4:      corexii_shantytown, layout_basic, minmay_temple_entry_trees,
          nicolae_ossuary_entry_monument,
          nicolae_concentric_dashed_squares_mild, minmay_misc_feat_chi,
          minmay_door_square, kennysheep_generic_room_12
D:5:      layout_gridville, mainiacjoe_overflow_alcove_4, minmay_ruined_shrine,
          uniq_crazy_yiuf_cottage
D:6:      gammafunk_wand_slinger, layout_loops_cross
D:7:      minmay_spotlight, layout_rooms, nicolae_overflow_hidden_temple,
          mainiacjoe_overflow_small_starburst, serial_shops,
          kennysheep_mini_moat, nicolae_water_bricks
Temple:   nicolae_temple_no_exploring_needed

Notes
Turn   | Place    | Note
-------+----------+-------------------------------------------
     0 | D:1      | ytrimaz the Merfolk Shapeshifter began the quest for the
                  | Orb.
     0 | D:1      | Reached XP level 1. HP: 15/15 MP: 1/1
     0 | D:1      | magus.rc [v1.9.6]
    87 | D:1      | Reached XP level 2. HP: 19/21 MP: 2/2
    95 | D:1      | Found Ifam's Jewellery Shop.
   110 | D:1      | You pick up a book of Debilitation and begin reading...
   110 | D:1      | You add the spells Slow, Vampiric Draining and Confusing
                  | Touch to your library.
   114 | D:1      | Found Jimielarch's Distillery.
   269 | D:1      | Reached XP level 3. HP: 20/26 MP: 3/3
   270 | D:1      | Reached skill level 4 in Unarmed Combat
   402 | D:1      | Found Dirghemn's Book Shoppe.
   420 | D:1      | Found a faded altar of an unknown god.
   443 | D:1      | Found Caseba's General Store.
   490 | D:1      | Found Getzul's Jewellery Shoppe.
   773 | D:2      | Reached skill level 5 in Shapeshifting
   809 | D:2      | Identified the +0 robe of Ravvos {Regen+ Dex+5}
   948 | D:2      | Found a broken altar of Ashenzari.
   953 | D:2      | Reached XP level 4. HP: 31/31 MP: 4/4
  1059 | D:2      | You pick up a book of Weapons and begin reading...
  1059 | D:2      | You add the spells Tukima's Dance, Portal Projectile and
                  | Iskenderun's Mystic Blast to your library.
  1458 | D:3      | Reached XP level 5. HP: 34/37 MP: 5/5
  1685 | D:3      | Reached skill level 5 in Unarmed Combat
  2104 | D:4      | Found a staircase to the Ecumenical Temple.
  2107 | D:4      | Noticed a black bear
  2116 | D:4      | Reached skill level 6 in Shapeshifting
  2116 | D:4      | Reached XP level 6. HP: 35/43 MP: 6/6
  2124 | D:4      | Killed a black bear
  2125 | D:4      | HP: 14/64 [hound (3)]
  2130 | D:4      | Reached skill level 6 in Unarmed Combat
  2184 | Temple   | Entered the Ecumenical Temple
  2328 | D:4      | You pick up a book of Vapours and begin reading...
  2328 | D:4      | You add the spells Poisonous Vapours, Mephitic Cloud and
                  | Freezing Cloud to your library.
  2364 | D:4      | Found a sand-covered staircase.
  2374 | Ossuary  | Entered an ossuary
  2381 | Ossuary  | HP: 6/43 [mummy (15)]
  2387 | Ossuary  | HP: 11/64 [mummy (2)]
  2389 | Ossuary  | Reached skill level 7 in Shapeshifting
  2448 | Ossuary  | Reached XP level 7. HP: 39/48 MP: 7/7
  2458 | Ossuary  | HP: 12/48 [centaur zombie (5)]
  2489 | Ossuary  | HP: 12/48 [mummy (15)]
  2838 | D:4      | Identified the +10 short sword of the Feeding Asp {freeze,
                  | rElec rPois Will++}
  3259 | D:4      | Reached skill level 7 in Unarmed Combat
  3375 | D:5      | Entered Level 5 of the Dungeon
  3410 | D:5      | Reached skill level 8 in Shapeshifting
  3509 | D:5      | HP: 12/48 [iguana (13)]
  3652 | D:5      | Reached XP level 8. HP: 38/54 MP: 8/8
  3728 | D:5      | Found a bloodstained altar of Trog.
  3757 | D:5      | Reached skill level 8 in Unarmed Combat
  3757 | D:5      | Reached skill level 9 in Shapeshifting
  3840 | D:5      | Found a glowing silver altar of Zin.
  4104 | D:6      | Found a transporter.
  4208 | D:6      | You pick up a book of the Spheres and begin reading...
  4208 | D:6      | You add the spells Iskenderun's Battlesphere, Fireball,
                  | Conjure Ball Lightning and Orb of Destruction to your
                  | library.
  4302 | D:6      | Noticed a wraith
  4312 | D:6      | HP: 12/54 [wraith (11)]
  4318 | D:6      | HP: 7/81 [wraith (9)]
  4323 | D:6      | HP: 4/121 [wraith (5)]
  4326 | D:6      | HP: 1/121 [wraith (4)]
  4327 | D:6      | Killed a wraith
  4328 | D:6      | Reached skill level 9 in Unarmed Combat
  4328 | D:6      | Reached skill level 10 in Shapeshifting
  4579 | D:6      | Found a transporter.
  4610 | D:6      | Reached XP level 9. HP: 59/59 MP: 9/9
  4660 | D:6      | Noticed a kobold demonologist
  5005 | D:7      | Reached skill level 10 in Unarmed Combat
  5005 | D:7      | Reached skill level 11 in Shapeshifting
  5013 | D:7      | Reached skill level 3 in Dodging
  5018 | D:7      | Reached skill level 4 in Dodging
  5020 | D:7      | HP: 7/59 [yak (14)]
  5115 | D:7      | You pick up a book of Ice and begin reading...
  5115 | D:7      | You add the spells Simulacrum, Ozocubu's Refrigeration and
                  | Polar Vortex to your library.
  5201 | D:7      | Found a basalt altar of Yredelemnul.
  5213 | D:7      | Reached skill level 5 in Dodging
  5401 | D:7      | Killed from afar by a steam dragon

Vanquished Creatures
  A wraith (D:6)
  5 yaks (D:7)
  2 water moccasins
  An orc warrior (D:7)
  A black bear (D:4)
  A phantom (D:5)
  5 scorpions
  2 bullfrogs
  A killer bee (D:7)
  3 howler monkeys
  3 centaur zombies (Ossuary)
  3 orc priests
  6 hounds
  A jelly (D:5)
  A sleepcap (D:6)
  4 iguanas
  4 orc wizards
  5 mummies (Ossuary)
  4 gnolls
  15 adders
  An ufetubus (D:6)
  2 worms (D:2)
  2 dart slugs
  37 orcs
  8 ball pythons
  6 bats
  4 endoplasms
  5 giant cockroaches
  15 goblins
  18 hobgoblins
  5 jackals
  7 quokkas
  2 frilled lizards (D:1)
  2 hobgoblin zombies (Ossuary)
  16 kobolds
  5 rats
203 creatures vanquished.

Table legend:
 A = Non-vault XP
 B = Vault XP
 C = Vault XP percentage of total XP
 D = Non-vault monster count
 E = Vault monster count
 F = Vault count percentage of total count
                 A         B        C        D         E       F
            +---------+---------+-------+---------+---------+-------
      Total |    3529 |     709 |  16.7 |     140 |      63 |  31.0
            +---------+---------+-------+---------+---------+-------
        D:1 |      49 |       6 |  10.9 |      29 |       4 |  12.1
        D:2 |      50 |       6 |  10.7 |      17 |       3 |  15.0
        D:3 |      80 |       0 |   0.0 |      14 |       0 |   0.0
        D:4 |     400 |     110 |  21.6 |      18 |      36 |  66.7
        D:5 |     600 |     275 |  31.4 |      28 |       7 |  20.0
        D:6 |     798 |       0 |   0.0 |      16 |       0 |   0.0
        D:7 |    1552 |      85 |   5.2 |      18 |       3 |  14.3
    Ossuary |       0 |     227 | 100.0 |       0 |      10 | 100.0
            +---------+---------+-------+---------+---------+-------

Skill      XL: |  1  2  3  4  5  6  7  8  9 |
---------------+----------------------------+-----
Unarmed Combat | 4 5 6 7 9 10 | 10.0
Shapeshifting  | 5 6 7 8 10 11 | 11.9
Dodging        | 5 |  5.7
Fighting       | |  1.1

Action                     |  1- 3 |  4- 6 |  7- 9 || total
---------------------------+-------+-------+-------++-------
  Melee: Unarmed           |    97 |   143 |   341 ||   581
         Punch             |     1 |     7 |    10 ||    18
    Use: Scroll            |     1 |     8 |     6 ||    15
         Potion            |       |     3 |     9 ||    12
   Stab: Sleeping          |     1 |     5 |     4 ||    10
 Armour: Animal skin       |    13 |       |       ||    13
         Robe              |     3 |    14 |    27 ||    44
         Skin              |       |    22 |    16 ||    38
  Dodge: Dodged            |    60 |    95 |   212 ||   367

Illustrated notes

Table legend:
 A = Kills in this place as a percentage of kills in the entire game.
 B = Kills by you in this place as a percentage of kills by you in the entire game.
 C = Kills by friends in this place as a percentage of kills by friends in the entire game.
 D = Other kills in this place as a percentage of other kills in the entire game.
 E = Experience gained in this place as a percentage of experience gained in the entire game.
 F = Experience gained in this place divided by the number of levels of this place that you have seen.
                   A       B       C       D       E      F
               +-------+-------+-------+-------+-------+----------------------
         Total | 100.0 | 100.0 |   N/A |   N/A | 100.0 | 470.9
       Dungeon |  95.1 |  95.1 |   N/A |   N/A |  94.6 | 573.0
       Ossuary |   4.9 |   4.9 |   N/A |   N/A |   5.4 | 227.0
               +-------+-------+-------+-------+-------+----------------------

Table legend: (Time is in decaauts)
 A = Elapsed time spent in this place.
 B = Non-inter-level travel time spent in this place.
 C = Inter-level travel time spent in this place.
 D = Time resting spent in this place.
 E = Time spent auto-exploring this place.
 F = Levels seen in this place.
 G = Mean time per level.
                   A        B        C        D        E       F      G
               +--------+--------+--------+--------+--------+-----+--------+
         Total |   5359 |   5212 |    147 |    229 |   3660 |   9 |  595.4 |
       Dungeon |   5154 |   5007 |    147 |    219 |   3552 |   7 |  736.3 |
        Temple |      4 |      4 |      0 |      0 |      0 |   1 |    4.0 |
       Ossuary |    201 |    201 |      0 |     10 |    107 |   1 |  201.0 |
               +--------+--------+--------+--------+--------+-----+--------+

Top non-repeatable levels by time:
     D:4: 1195 daAuts
     D:6: 892 daAuts
     D:1: 726 daAuts
     D:2: 678 daAuts
     D:5: 670 daAuts
     D:3: 550 daAuts
     D:7: 440 daAuts
 Ossuary: 201 daAuts
  Temple: 4 daAuts
